[Event "Malawi Open Chess Chp"]
[Site "followchess.com"]
[Date "2022.06.12"]
[Round "8"]
[White "Mwape, William"]
[Black "Luanja, Geoffrey"]
[Result "1/2-1/2"]
[WhiteElo "2177"]
[BlackElo "2150"]
[ECO "C88"]
[WhiteFed "ZAM"]
[BlackFed "ZAM"]
[FCGameId "-820835392"]
[WhiteFideId "8705453"]
[BlackFideId "8704287"]
[TimeControl "5400"]

1. e4 e5 2. Nf3 Nc6 3. Bb5 a6 4. Ba4 Nf6 5. O-O Be7 6. Re1 b5 7. Bb3 O-O 8. Nc3 Re8 9. Ng5 Rf8 10. Nf3 Re8 11. Ng5 Rf8 12. Nf3 Re8 13. Ng5 1/2-1/2

[Event "Malawi Open Chess Chp"]
[Site "followchess.com"]
[Date "2022.06.12"]
[Round "8"]
[White "Mwape Dennis"]
[Black "Mwale, Joseph"]
[Result "1/2-1/2"]
[WhiteElo "2013"]
[BlackElo "2154"]
[ECO "A05"]
[WhiteFed "ZAM"]
[BlackFed "MAW"]
[FCGameId "304829331"]
[WhiteFideId "8708886"]
[BlackFideId "16400135"]
[TimeControl "5400"]

1. Nf3 Nf6 2. g3 g6 3. Bg2 Bg7 4. O-O d5 5. d3 c5 6. Nbd2 Nc6 7. e4 e5 8. Re1 dxe4 9. dxe4 O-O 10. c3 Qc7 11. Qc2 b6 12. Nf1 Ba6 13. Bg5 h6 14. Bxf6 Bxf6 15. Ne3 Ne7 16. Rad1 Rad8 17. h4 Bb7 18. Nd2 Ba6 19. Nf3 Bb7 20. Nd2 Ba6 21. Nf3 Bb7 22. Nd2 Ba6 23. Nf3 Bb7 24. 
Ng4 Bg7 25. Qc1 Kh7 26. Nd2 Bc8 27. Ne3 Be6 28. Qc2 Ra8 1/2-1/2

[Event "Malawi Open Chess Chp"]
[Site "followchess.com"]
[Date "2022.06.12"]
[Round "8"]
[White "Kamwendo Precious"]
[Black "Mwale, George"]
[Result "1/2-1/2"]
[WhiteElo "1934"]
[BlackElo "2025"]
[ECO "B01"]
[WhiteFed "MAW"]
[BlackFed "MAW"]
[FCGameId "1722655511"]
[WhiteFideId "20500785"]
[BlackFideId "20500254"]
[TimeControl "5400"]

1. e4 d5 2. exd5 Nf6 3. d4 Nxd5 4. c4 Nf6 5. Nc3 e6 6. Nf3 Be7 7. Be2 O-O 8. O-O h6 9. h3 c5 10. d5 exd5 11. cxd5 Bd6 12. Re1 a6 13. a4 Nbd7 14. Bd3 Nb6 15. Qb3 Nbxd5 16. Nxd5 Nxd5 17. Rd1 Nb4 18. Be3 Qf6 19. Be2 Rd8 20. Rxd6 Qxd6 21. Rd1 Be6 22. Rxd6 Bxb3 23. Rb6 Bd1 24. Bc4 Bxf3 25. gxf3 Rd7 26. Bxc5 Rc8 27. Bxf7+ Rxf7 28. Bxb4 Rc6 29. Rxc6 bxc6 30. Bc3 Rxf3 31. Kg2 Rd3 32. h4 Kf7 33. f3 g5 34. hxg5 hxg5 35. Kg3 Kg6 36. Kg4 c5 37. f4 gxf4 38. Kxf4 Rd1 39. Ke4 Kf7 40. Ke5 Ke7 41. Ke4 Ke6 42. b4 cxb4 43. Bxb4 Ra1 44. Kd4 Rxa4 45. Kc3 a5 46. Bc5 Kd5 47. Bf8 Rf4 48. Bh6 Rf3+ 49. Kb2 Kc4 50. Bg5 a4 51. Be7 a3+ 52. Ka2 Kb5 53. Bxa3 Ka4 54. Bc5 Rc3 55. 
Ba7 Rc2+ 56. Kb1 Kb3 57. Bb6 Rc6 58. Ba7 Rc7 59. Bb6 Rb7 60. Be3 Re7 61. 
Bd2 Rh7 {-error} 1/2-1/2

[Event "Malawi Open Chess Chp"]
[Site "followchess.com"]
[Date "2022.06.12"]
[Round "8"]
[White "Chimthere, Alfred Charles"]
[Black "Kalambo Praise"]
[Result "1-0"]
[WhiteElo "2047"]
[BlackElo "1767"]
[ECO "B33"]
[WhiteFed "MAW"]
[BlackFed "MAW"]
[FCGameId "1866659416"]
[WhiteFideId "16400046"]
[BlackFideId "20506112"]
[TimeControl "5400"]

1. e4 c5 2. Nf3 Nc6 3. d4 cxd4 4. Nxd4 Nf6 5. Nxc6 bxc6 6. Nc3 d6 7. Bd3 e5 8. O-O Be7 9. Rb1 O-O 10. h3 Be6 11. Qe2 Nd7 12. Bc4 Nc5 13. b4 Bxc4 14. Qxc4 Ne6 15. Ne2 Qc7 16. Qd3 Rfd8 17. c4 Bf6 18. Be3 a6 19. Rfc1 Qb7 20. Rd1 Rd7 21. a4 Nc7 22. a5 d5 23. Bb6 d4 24. g3 Be7 25. f4 f6 26. Rf1 Ne6 27. f5 Ng5 28. h4 Nf7 29. c5 g5 30. fxg6 hxg6 31. Kg2 Kg7 32. Rh1 Rh8 33. g4 Nh6 34. Kf3 Qc8 35. Rbg1 Bd8 36. h5 Rf7 37. hxg6 Rff8 38. Rh5 Qe6 39. Rg3 Kxg6 40. Qxa6 Rhg8 41. Qd3 Nxg4 42. Rf5 Kf7 43. Rxg4 Rxg4 44. Kxg4 Ke7 45. Ng3 Rg8+ 46. Kf3 Kd7 47. Bxd8 Kxd8 48. a6 Kc7 49. b5 cxb5 50. Qxb5 Rb8 51. Qa5+ Kd7 52. a7 Rb3+ 53. Kg2 Qg8 1-0

[Event "Malawi Open Chess Chp"]
[Site "followchess.com"]
[Date "2022.06.12"]
[Round "8"]
[White "Mwazozo Hope"]
[Black "Chiona, Richard"]
[Result "0-1"]
[WhiteElo "1765"]
[BlackElo "1896"]
[ECO "B06"]
[WhiteFed "MAW"]
[BlackFed "MAW"]
[FCGameId "1717132955"]
[WhiteFideId "20500513"]
[BlackFideId "20500882"]
[TimeControl "5400"]

1. d4 g6 2. e4 d6 3. Nc3 Bg7 4. Nf3 Nf6 5. Bd3 O-O 6. O-O Na6 7. Bxa6 bxa6 8. e5 Ng4 9. h3 Nh6 10. Bf4 e6 11. Ne4 Bb7 12. Nf6+ Kh8 13. Bg5 Bxf3 14. Qxf3 Qc8 15. Qf4 Ng8 16. Nxg8 Kxg8 17. Bf6 Rb8 18. b3 dxe5 19. dxe5 Qd7 20. h4 Qc6 21. h5 h6 22. c4 a5 23. Rad1 a4 24. Rd3 g5 25. Qg3 Bxf6 26. exf6 axb3 27. axb3 Kh7 28. Rfd1 Qe4 29. Qxc7 Qg4 30. Qxa7 Qxh5 31. Qe3 Rxb3 32. Qe4+ Kg8 33. c5 Rxd3 34. Rxd3 Rb8 35. Rh3 Qg6 36. Qxg6+ fxg6 37. Rxh6 Kf7 38. Rh7+ Kxf6 39. c6 Rb1+ 40. Kh2 Rc1 41. Rc7 g4 42. Rc8 Kg5 43. c7 Rc3 44. g3 Rc1 45. Kg2 e5 46. Kh2 e4 47. Kg2 Rc4 48. Kf1 Rc3 49. Ke2 Rc6 50. Kd2 Rd6+ 51. Ke3 Rc6 52. Kd4 Rc1 53. Kd5 Rc2 54. Kd6 Rd2+ 55. Ke6 Rc2 56. Rb8 Rxc7 57. Rb5+ Kh6 58. Rb2 Rc5 59. 
Re2 Rf5 60. Rxe4 Rxf2 61. Rxg4 Rf3 62. Rf4 Rxg3 63. Kf6 Kh5 64. Rf1 g5 65. Kf5 Rh3 66. Rf2 Kh4 67. Rf1 g4 68. Kf4 Rh2 69. Ra1 Rf2+ 70. Ke3 g3 71. Rh1+ Rh2 72. Ra1 Kh3 73. Ra8 Rf2 74. Rh8+ Kg2 75. Rh5 Rf7 76. Ke2 Re7+ 77. Kd1 Kf1 78. Rf5+ Kg1 79. Rg5 g2 80. Rg8 Rh7 81. Ke1 Kh1 82. Kf2 Rf7+ 83. Ke2 g1=Q 84. Rh8+ Qh2+ 0-1

[Event "Malawi Open Chess Chp"]
[Site "followchess.com"]
[Date "2022.06.12"]
[Round "8"]
[White "Nyama Peter"]
[Black "Nyambalo, Joseph Xavier"]
[Result "1/2-1/2"]
[WhiteElo "1851"]
[BlackElo "2043"]
[ECO "E12"]
[WhiteFed "MAW"]
[BlackFed "MAW"]
[FCGameId "116972956"]
[WhiteFideId "20501927"]
[BlackFideId "20500041"]
[TimeControl "5400"]

1. c4 Nf6 2. d4 e6 3. a3 b6 4. Nc3 Bb7 5. Nf3 Be7 6. e3 O-O 7. Bd3 d5 8. cxd5 Nxd5 9. O-O Nd7 10. e4 Nxc3 11. bxc3 c5 12. Qe2 Qc7 13. Be3 c4 14. Bc2 Rac8 15. e5 f6 16. exf6 Bxf6 17. Ng5 Bxg5 18. Bxg5 Qc6 19. f3 Rce8 20. Be4 Qc7 21. Bxb7 Qxb7 22. Qxc4 Rf5 23. Bd2 Nf6 24. Rae1 Nd5 25. Re4 Qd7 26. Rfe1 b5 27. Qe2 Rf6 28. 
Re5 a6 29. a4 h6 30. axb5 axb5 31. Qe4 Nb6 32. Bf4 Ref8 33. Bg3 Na4 34. Qd3 Rc8 35. Rc1 b4 36. Be1 Nb2 37. Qe2 bxc3 38. Bxc3 Na4 39. Qe3 Nb6 40. Qd3 Nd5 41. Bd2 Rxc1+ 42. Bxc1 Qc6 43. Bd2 Qa4 44. Kf2 Qa2 45. Re2 Qa7 46. g3 Qf7 47. Kg2 Qh5 48. Re5 Qf7 49. Qe4 Qd7 50. f4 Qc6 51. Kh3 g6 52. Be3 Kf7 53. Bf2 Qc4 54. Kg2 h5 55. h4 Qa2 56. Kg1 Qa1+ 57. Kg2 Qa8 58. Kh2 Qb7 59. Qc2 Qa6 60. Kg2 Qb7 61. Kg1 Qa8 62. Qc5 Qa4 63. Qc8 Qd1+ 64. Re1 Qg4 65. Qd7+ Kg8 66. Rc1 Rxf4 1/2-1/2

[Event "Malawi Open Chess Chp"]
[Site "followchess.com"]
[Date "2022.06.12"]
[Round "8"]
[White "Chiwambo Stansford"]
[Black "Foster Ken"]
[Result "1/2-1/2"]
[WhiteElo "1936"]
[BlackElo "1886"]
[ECO "A05"]
[WhiteFed "MAW"]
[BlackFed "MAW"]
[FCGameId "-1843412644"]
[WhiteFideId "20500530"]
[BlackFideId "20502109"]
[TimeControl "5400"]

1. Nf3 Nf6 2. g3 g6 3. Bg2 Bg7 4. c4 d6 5. Nc3 O-O 6. O-O e5 7. d3 h6 8. e4 a5 9. h3 Na6 10. Be3 Kh7 11. Rc1 Be6 12. Qd2 Nd7 13. Nh2 Ndc5 14. f4 f5 15. Rcd1 Qc8 16. fxe5 dxe5 17. Nd5 fxe4 18. Rxf8 Qxf8 19. Rf1 Qd8 20. Ng4 Bxg4 21. hxg4 c6 22. Bxh6 cxd5 23. Rf7 Ne6 24. cxd5 Qxd5 25. Bxe4 Qc5+ 26. Be3 Qb4 27. Qh2+ Kg8 28. Bxg6 Qe1+ 29. Kg2 Nf4+ 30. gxf4 Qe2+ 31. Bf2 
Qe1 32. Be3 Qe2+ 33. Bf2 Qxg4+ 34. Qg3 Qxg3+ 35. Bxg3 exf4 36. Rxf4 Bxb2 37. Rf7 
Nc5 38. Rc7 b6 39. Kf3 Rd8 40. Ke3 Bd4+ 41. Kd2 Rd7 1/2-1/2

[Event "Malawi Open Chess Chp"]
[Site "followchess.com"]
[Date "2022.06.12"]
[Round "8"]
[White "Shaba Martin"]
[Black "Mkwezalamba Elija"]
[Result "1-0"]
[WhiteElo "1707"]
[BlackElo "1563"]
[ECO "D02"]
[WhiteFed "MAW"]
[BlackFed "MAW"]
[FCGameId "1858511661"]
[WhiteFideId "20506627"]
[BlackFideId "20508042"]
[TimeControl "5400"]

1. d4 Nf6 2. Nf3 d5 3. b3 Bf5 4. g3 e6 5. Bg2 Ne4 6. Bb2 c5 7. e3 Qf6 8. Nbd2 Bg4 9. Qc1 Nc6 10. dxc5 Qf5 11. O-O Nxd2 12. Nxd2 Bxc5 13. e4 Qg5 14. exd5 exd5 1-0

[Event "Malawi Open Chess Chp"]
[Site "followchess.com"]
[Date "2022.06.12"]
[Round "8"]
[White "Kaunda, Kajani"]
[Black "Mawango Davie"]
[Result "0-1"]
[WhiteElo "1910"]
[BlackElo "1888"]
[ECO "B01"]
[WhiteFed "MAW"]
[BlackFed "MAW"]
[FCGameId "-46968414"]
[WhiteFideId "16400089"]
[BlackFideId "20500238"]
[TimeControl "5400"]

1. e4 d5 2. d3 dxe4 3. dxe4 Qxd1+ 4. Kxd1 Nc6 5. c3 Nf6 6. f3 e5 7. Be3 Be6 8. Nd2 O-O-O 9. Kc2 Nh5 10. b4 Kb8 11. a4 f5 12. a5 f4 13. Bf2 b6 14. Bb5 Bd7 15. Ba4 b5 16. Bb3 g5 17. Ne2 Nf6 18. Nc1 h5 19. Nd3 g4 20. Nc5 Bh6 21. Bh4 Bg7 22. Bf7 Kc8 23. Ndb3 Kb8 24. Rad1 Bc8 25. Bd5 Ne7 26. Bf7 Rd6 27. Rd3 Rf8 28. Bxf6 Rxf7 29. Bxe7 Rxe7 30. Rhd1 Rxd3 31. Rxd3 Re8 32. a6 gxf3 33. gxf3 Ka8 34. Rd5 Bf8 35. Kd3 c6 36. Rd7 Bxd7 37. Nxd7 Rd8 0-1

[Event "Malawi Open Chess Chp"]
[Site "followchess.com"]
[Date "2022.06.11"]
[Round "4"]
[White "Mwape Dennis"]
[Black "Foster Ken"]
[Result "1/2-1/2"]
[WhiteElo "2013"]
[BlackElo "1886"]
[ECO "A05"]
[WhiteFed "ZAM"]
[BlackFed "MAW"]
[FCGameId "-1206557068"]
[WhiteFideId "8708886"]
[BlackFideId "20502109"]
[TimeControl "5400"]

1. Nf3 Nf6 2. g3 d5 3. d3 Nc6 4. Nbd2 e5 5. e4 d4 6. Bg2 Be7 7. O-O O-O 8. h3 Be6 9. Ng5 Bd7 10. f4 h6 11. Ngf3 exf4 12. gxf4 Nh5 13. Nc4 Be6 14. Nfe5 g6 15. Nxc6 bxc6 16. Na5 Ng3 17. Nxc6 Qe8 18. Nxe7+ Qxe7 19. Rf3 Qh4 20. Bd2 Nh5 21. f5 gxf5 22. Bxh6 Ng7 23. Bxg7 Kxg7 24. exf5 Bd5 25. Rf2 Bxg2 26. Rxg2+ Kf6 27. Qg4 Qxg4 28. hxg4 Rae8 29. Kf2 Re3 30. Re1 Rfe8 31. Rxe3 Rxe3 32. Rg3 Re5 33. Rh3 Rc5 34. c4 dxc3 35. bxc3 Rxc3 36. Ke3 Ra3 37. Rh2 Kg5 38. Rg2 c5 39. Ke4 f6 40. Kd5 Ra5 41. Kc6 Ra3 42. Kxc5 Rxd3 43. Kb5 Rd4 44. a4 Rxg4 45. Rxg4+ Kxg4 46. a5 Kxf5 47. Ka6 Kg4 48. Kxa7 f5 49. Kb6 f4 50. a6 f3 51. a7 f2 52. a8=Q f1=Q 53. Qg8+ Kf3 54. Qf7+ Ke2 55. Qc4+ Kf2 56. Qf4+ Kg2 57. Qg4+ Kf2 58. Qf5+ Kg2 59. Qg5+ 1/2-1/2

[Event "Malawi Open Chess Chp"]
[Site "followchess.com"]
[Date "2022.06.11"]
[Round "4"]
[White "Mwape, William"]
[Black "Mwale, George"]
[Result "0-1"]
[WhiteElo "2177"]
[BlackElo "2025"]
[ECO "D55"]
[WhiteFed "ZAM"]
[BlackFed "MAW"]
[FCGameId "-1279056244"]
[WhiteFideId "8705453"]
[BlackFideId "20500254"]
[TimeControl "5400"]

1. d4 Nf6 2. c4 e6 3. Nf3 d5 4. Nc3 Be7 5. Bg5 O-O 6. e3 b6 7. Bxf6 Bxf6 8. Qc2 Bb7 9. Bd3 h6 10. cxd5 exd5 11. g4 c5 12. O-O-O cxd4 13. exd4 Bh4 14. Kb1 Qf6 15. Qe2 Nd7 16. g5 Bxg5 17. Nxg5 Qxg5 18. Rhg1 Qf6 19. Qh5 Kh8 20. Rg3 Rae8 21. Rf3 Qe6 22. Rg1 Nf6 23. Qh4 Ne4 24. Rf4 g5 25. Rxg5 Nxg5 26. Rf5 Ba6 27. Bc2 Qe1+ 28. Nd1 Bd3 29. Qxh6+ Nh7 30. Qh5 Bxc2+ 31. Kxc2 
Re2+ 32. Kb3 Qxd1+ 33. Ka3 Qd3+ 34. Ka4 Qa6+ 35. Kb3 Qb5+ 36. Ka3 Qxb2+ 37. Ka4 Qxa2+ 0-1

[Event "Malawi Open Chess Chp"]
[Site "followchess.com"]
[Date "2022.06.11"]
[Round "4"]
[White "Mwazozo Hope"]
[Black "Mwale, Joseph"]
[Result "1-0"]
[WhiteElo "1765"]
[BlackElo "2154"]
[ECO "D05"]
[WhiteFed "MAW"]
[BlackFed "MAW"]
[FCGameId "-142530112"]
[WhiteFideId "20500513"]
[BlackFideId "16400135"]
[TimeControl "5400"]

1. d4 d5 2. Nf3 Nf6 3. e3 e6 4. Bd3 c5 5. b3 Bd6 6. Bb2 Nc6 7. Ne5 cxd4 8. exd4 Nd7 9. f4 Bxe5 10. fxe5 Qh4+ 11. g3 Qg5 12. Qf3 f5 13. exf6 Nxf6 14. O-O Bd7 15. Bc1 Qg4 16. Qxg4 Nxg4 17. c3 Nf6 18. Nd2 O-O 19. Nf3 a6 20. Bf4 b5 21. Rae1 Rac8 22. Bd6 Rfe8 23. Re2 Nd8 24. Bc5 Nb7 25. b4 Nxc5 26. bxc5 Re7 27. Rfe1 h6 28. Ne5 Be8 29. Ng6 Bxg6 30. Bxg6 Rc6 31. a4 Nd7 32. axb5 axb5 33. Bd3 Kf7 34. Bxb5 Rc7 35. Bxd7 Rcxd7 36. Rf1+ Kg6 37. Rfe1 Kf7 38. Kf2 Ra7 39. Kf3 Ra3 40. Re3 Ra2 1-0

[Event "Malawi Open Chess Chp"]
[Site "followchess.com"]
[Date "2022.06.11"]
[Round "4"]
[White "Mpinganjira Stanley Frank"]
[Black "Chimthere, Alfred Charles"]
[Result "0-1"]
[WhiteElo "1700"]
[BlackElo "2047"]
[ECO "B32"]
[WhiteFed "MAW"]
[BlackFed "MAW"]
[FCGameId "1533509402"]
[WhiteFideId "20501960"]
[BlackFideId "16400046"]
[TimeControl "5400"]

1. e4 c5 2. Nf3 Nc6 3. d4 cxd4 4. Nxd4 e5 5. Nxc6 bxc6 6. c4 Nf6 7. Nc3 Bc5 8. Be2 O-O 9. O-O Bd4 10. Bg5 h6 11. Bxf6 Qxf6 12. Qc2 d6 13. Rad1 Qg6 14. b4 f5 15. exf5 Bxf5 16. Bd3 Bxd3 17. Qxd3 Qxd3 18. Rxd3 Rab8 19. a3 a5 20. Ne2 axb4 21. Nxd4 exd4 22. axb4 c5 23. b5 d5 24. cxd5 Rxb5 25. Re1 Rd8 26. h4 Rxd5 27. Re7 Rf5 28. Ra3 Rb6 29. Raa7 Rg6 30. Rac7 Rd5 31. Rc8+ Kh7 32. Ree8 Rg4 33. Rh8+ Kg6 34. Rc6+ Kh5 35. f3 Rxh4 36. Rg8 Rd7 37. g4+ Kg5 38. Rf8 Rd5 39. Kg2 d3 40. Kg3 Rxg4+ 41. fxg4 d2 42. Rf1 Rd3+ 43. Kg2 d1=Q 44. Rxc5+ Kxg4 45. Rxd1 Rxd1 46. Rc7 Rd2+ 47. Kg1 g5 0-1

[Event "Malawi Open Chess Chp"]
[Site "followchess.com"]
[Date "2022.06.11"]
[Round "4"]
[White "Mawango Davie"]
[Black "Kalambo Praise"]
[Result "0-1"]
[WhiteElo "1888"]
[BlackElo "1767"]
[ECO "C44"]
[WhiteFed "MAW"]
[BlackFed "MAW"]
[FCGameId "854555313"]
[WhiteFideId "20500238"]
[BlackFideId "20506112"]
[TimeControl "5400"]

1. e4 e5 2. Nf3 Nc6 3. c3 Nf6 4. d4 Nxe4 5. d5 Nb8 6. Nxe5 Bd6 7. Nf3 O-O 8. Be2 Bc5 9. O-O d6 10. Be3 Bxe3 11. fxe3 Nd7 12. Nbd2 Ndc5 13. Nxe4 Nxe4 14. Qd4 f5 15. Rad1 Bd7 16. Bd3 Ng5 17. Nd2 g6 18. e4 fxe4 19. Bxe4 Qe7 20. h4 Nxe4 21. Nxe4 Bf5 22. Ng3 Qe5 23. Nxf5 Rxf5 24. Rxf5 gxf5 25. Qd2 Re8 26. Qg5+ Kh8 27. Rf1 Rf8 28. Qd2 Re8 29. Rf3 Qe1+ 30. Qxe1 Rxe1+ 31. Kf2 Re5 32. Rd3 Kg7 33. g3 Re4 34. Re3 Kf6 35. Rxe4 fxe4 36. g4 Ke5 37. Ke3 0-1

[Event "Malawi Open Chess Chp"]
[Site "followchess.com"]
[Date "2022.06.11"]
[Round "4"]
[White "Sharra, Leonard"]
[Black "Kaunda, Kajani"]
[Result "1-0"]
[WhiteElo "1803"]
[BlackElo "1910"]
[ECO "C23"]
[WhiteFed "MAW"]
[BlackFed "MAW"]
[FCGameId "-94025475"]
[WhiteFideId "20500149"]
[BlackFideId "16400089"]
[TimeControl "5400"]

1. e4 e5 2. Bc4 Qe7 3. d3 h6 4. Ne2 Nf6 5. O-O d6 6. c3 c6 7. Bb3 Qc7 8. h3 Be7 9. Ng3 O-O 10. f4 a5 11. d4 Na6 12. Be3 c5 13. fxe5 dxe5 14. dxe5 Nh7 15. Qh5 c4 16. Bc2 Bg5 17. Bd4 g6 18. Qe2 f6 19. Na3 fxe5 20. Rxf8+ Nxf8 21. Be3 Bxe3+ 22. Qxe3 Kg7 23. Rf1 Be6 24. Kh2 Nc5 25. Qf2 Nh7 26. Qe2 Nd7 27. Rd1 Qc5 28. Nxc4 Ndf8 29. Ne3 Bxa2 30. c4 1-0

[Event "Malawi Open Chess Chp"]
[Site "followchess.com"]
[Date "2022.06.11"]
[Round "4"]
[White "Nyama Peter"]
[Black "Ngwira Davis Paul"]
[Result "1-0"]
[WhiteElo "1851"]
[BlackElo "1660"]
[ECO "A05"]
[WhiteFed "MAW"]
[BlackFed "MAW"]
[FCGameId "-1001264895"]
[WhiteFideId "20501927"]
[BlackFideId "20501447"]
[TimeControl "5400"]

1. Nf3 Nf6 2. g3 g6 3. Bg2 Bg7 4. O-O O-O 5. d3 d5 6. Nbd2 c6 7. h3 Re8 8. Re1 e5 9. e4 dxe4 10. Nxe4 Nxe4 11. Rxe4 Bf5 12. Re1 e4 13. Nh4 exd3 14. Rxe8+ Qxe8 15. Nxf5 dxc2 16. Qxc2 gxf5 17. Qxf5 Qe6 18. Qg5 Qe1+ 19. Kh2 Nd7 20. Qf5 Nf8 21. Rb1 Qe6 22. Qa5 b6 23. Qa4 Qf5 24. Qe4 Qxe4 25. Bxe4 Re8 26. Bd3 Re1 27. b3 Ne6 28. Bd2 Re5 29. Be3 Ra5 30. a4 Bd4 31. Bd2 Rd5 32. Bc4 Rd6 33. Be1 Ng5 34. Kg2 Ne4 35. Rd1 c5 36. f3 Nf6 37. Bc3 Nd7 38. Bxd4 cxd4 39. f4 Nc5 40. Kf3 Kg7 41. g4 h5 42. gxh5 f5 43. Rg1+ Kh6 44. Bf7 Ne4 45. Rg6+ Kh7 46. Rxd6 Nxd6 47. Bd5 Kh6 48. Ke2 Ne4 49. Kd3 Nf2+ 50. Kxd4 Kxh5 51. Ke5 Kg6 52. Bc4 1-0

[Event "Malawi Open Chess Chp"]
[Site "followchess.com"]
[Date "2022.06.10"]
[Round "3"]
[White "Kamwendo Precious"]
[Black "Mwape, William"]
[Result "1-0"]
[WhiteElo "1934"]
[BlackElo "2177"]
[ECO "B95"]
[WhiteFed "MAW"]
[BlackFed "ZAM"]
[FCGameId "1756024566"]
[WhiteFideId "20500785"]
[BlackFideId "8705453"]
[TimeControl "5400"]

1. e4 c5 2. Nf3 d6 3. d4 cxd4 4. Nxd4 Nf6 5. Nc3 a6 6. Bg5 e6 7. Qd2 b5 8. f3 Nbd7 9. O-O-O Bb7 10. Kb1 b4 11. Nce2 d5 12. exd5 Bxd5 13. Nf4 Bxa2+ 14. Kxa2 Qa5+ 15. Kb1 Qxg5 16. h4 Qc5 17. g4 Be7 18. g5 Nd5 19. Ndxe6 fxe6 20. Nxe6 Qc6 21. Qxd5 Qxd5 22. Rxd5 Ra7 23. Nxg7+ Kf7 24. Nf5 Nb6 25. Re5 Rd8 26. Bd3 Bf8 27. Rhe1 a5 28. h5 a4 29. Rb5 Rxd3 30. cxd3 Nd7 31. Rd5 a3 32. bxa3 bxa3 33. Ka2 Nb6 34. Rb5 Na4 35. Rc1 Nb2 36. d4 Nd3 37. Rc8 Nb4+ 38. Ka1 Nd3 39. g6+ hxg6 40. hxg6+ Kxg6 41. Rxf8 Rh7 42. Rb6+ Kg5 43. Ng3 Kh4 44. Rg6 Kh3 45. Ne4 Kh2 46. Rc8 Nb4 47. 
Rc4 Rb7 48. Nd6 Rb6 49. Rc8 Nc2+ 50. Rxc2+ Kh1 51. Rc8 1-0

[Event "Malawi Open Chess Chp"]
[Site "followchess.com"]
[Date "2022.06.10"]
[Round "3"]
[White "Chiona, Richard"]
[Black "Luanja, Geoffrey"]
[Result "0-1"]
[WhiteElo "1896"]
[BlackElo "2150"]
[ECO "A11"]
[WhiteFed "MAW"]
[BlackFed "ZAM"]
[FCGameId "626015736"]
[WhiteFideId "20500882"]
[BlackFideId "8704287"]
[TimeControl "5400"]

1. c4 c6 2. Nc3 d5 3. cxd5 cxd5 4. Nf3 Nf6 5. g3 Nc6 6. Bg2 e5 7. d4 e4 8. Ne5 Bd6 9. Bf4 O-O 10. O-O Ne7 11. f3 exf3 12. exf3 0-1

[Event "Malawi Open Chess Chp"]
[Site "followchess.com"]
[Date "2022.06.10"]
[Round "3"]
[White "Mpinganjira Stanley Frank"]
[Black "Foster Ken"]
[Result "1/2-1/2"]
[WhiteElo "1700"]
[BlackElo "1886"]
[ECO "C46"]
[WhiteFed "MAW"]
[BlackFed "MAW"]
[FCGameId "921644823"]
[WhiteFideId "20501960"]
[BlackFideId "20502109"]
[TimeControl "5400"]

1. e4 e5 2. Nf3 Nf6 3. Nc3 Nc6 4. Bc4 Bb4 5. Nd5 Bc5 6. d4 Nxd4 7. Bg5 Nxf3+ 8. Qxf3 Be7 9. Ne3 O-O 10. h4 c6 11. h5 d5 12. Bxf6 Bxf6 13. exd5 e4 14. Qxe4 Bxb2 15. Rd1 Bc3+ 16. Kf1 Re8 17. Qd3 Qf6 18. dxc6 bxc6 19. Qd6 Be6 20. Bxe6 Rxe6 21. Qg3 Rae8 22. Kg1 Be5 23. Ng4 Qf5 24. Nxe5 Rxe5 25. Rh4 Qxc2 26. Rhd4 h6 27. Rd8 Kh7 28. Qf3 Rxd8 29. Rxd8 Rf5 30. Rd2 Qb1+ 31. Rd1 Rxf3 32. Rxb1 Rc3 33. Rb7 a5 34. Rxf7 1/2-1/2

[Event "Malawi Open Chess Chp"]
[Site "followchess.com"]
[Date "2022.06.10"]
[Round "3"]
[White "Mwale, Joseph"]
[Black "Mawango Davie"]
[Result "1-0"]
[WhiteElo "2154"]
[BlackElo "1888"]
[ECO "D02"]
[WhiteFed "MAW"]
[BlackFed "MAW"]
[FCGameId "-398082881"]
[WhiteFideId "16400135"]
[BlackFideId "20500238"]
[TimeControl "5400"]

1. d4 d5 2. Nf3 e6 3. g3 c5 4. Bg2 Nf6 5. c4 Be7 6. O-O O-O 7. cxd5 exd5 8. Nc3 h6 9. Bf4 a6 10. Rc1 Nc6 11. dxc5 Bxc5 12. Ne5 Bd6 13. Nd3 Be6 14. Qd2 d4 1-0

[Event "Malawi Open Chess Chp"]
[Site "followchess.com"]
[Date "2022.06.10"]
[Round "3"]
[White "Mwale, George"]
[Black "Sharra, Leonard"]
[Result "1-0"]
[WhiteElo "2025"]
[BlackElo "1803"]
[ECO "E61"]
[WhiteFed "MAW"]
[BlackFed "MAW"]
[FCGameId "2042890516"]
[WhiteFideId "20500254"]
[BlackFideId "20500149"]
[TimeControl "5400"]

1. d4 Nf6 2. c4 g6 3. Nc3 Bg7 4. Bg5 h6 5. Bh4 d6 6. e4 O-O 7. Qd2 a5 8. Bd3 Nc6 9. Nge2 e5 10. d5 Ne7 11. Bxf6 Bxf6 12. Qxh6 Nxd5 13. h4 Nb4 14. Bb1 Bg7 15. Qd2 Be6 16. a3 Na6 17. Ba2 Nc5 18. h5 Bf6 19. O-O-O Bg5 20. f4 exf4 21. Nxf4 Qe7 22. g3 Qf6 23. hxg6 b5 1-0

[Event "Malawi Open Chess Chp"]
[Site "followchess.com"]
[Date "2022.06.10"]
[Round "3"]
[White "Kaunda, Kajani"]
[Black "Mwazozo Hope"]
[Result "0-1"]
[WhiteElo "1910"]
[BlackElo "1765"]
[ECO "B20"]
[WhiteFed "MAW"]
[BlackFed "MAW"]
[FCGameId "1776420509"]
[WhiteFideId "16400089"]
[BlackFideId "20500513"]
[TimeControl "5400"]

1. e4 c5 2. d3 e5 3. Nf3 Nc6 4. c3 Nf6 5. h3 Be7 6. Qc2 O-O 7. a4 d5 8. Be2 d4 9. O-O h6 10. Na3 a6 11. Nh2 Nh7 12. Bg4 Bxg4 13. Nxg4 b5 14. axb5 axb5 15. Bd2 h5 16. Nh2 dxc3 17. bxc3 b4 18. Nc4 Rb8 0-1

[Event "Malawi Open Chess Chp"]
[Site "followchess.com"]
[Date "2022.06.10"]
[Round "3"]
[White "Ngwira Davis Paul"]
[Black "Nyambalo, Joseph Xavier"]
[Result "0-1"]
[WhiteElo "1660"]
[BlackElo "2043"]
[ECO "A46"]
[WhiteFed "MAW"]
[BlackFed "MAW"]
[FCGameId "1942154256"]
[WhiteFideId "20501447"]
[BlackFideId "20500041"]
[TimeControl "5400"]

1. d4 Nf6 2. Nf3 d6 3. Bf4 g6 4. Nbd2 Bg7 5. e3 O-O 6. Bd3 c5 7. c3 Nc6 8. h3 cxd4 9. cxd4 e5 10. Bg5 exd4 11. exd4 Qa5 12. Be3 Nd5 13. O-O Nxe3 14. fxe3 d5 15. a3 Bh6 16. e4 dxe4 17. Bxe4 Nxd4 18. Nc4 Nxf3+ 19. Qxf3 Qc5+ 20. Kh1 Qxc4 21. Rf2 Rb8 22. Bd5 Qc7 23. Qb3 Qe7 24. Bf3 Be6 25. Re2 Qf6 26. Qa4 a6 27. Rae1 Bf4 28. Re4 Bg3 29. Rf1 Qxb2 30. Rb4 Qf6 31. Rfb1 Bxh3 32. Bxb7 Be6 33. Qxa6 Qg5 0-1

[Event "Malawi Open Chess Chp"]
[Site "followchess.com"]
[Date "2022.06.10"]
[Round "2"]
[White "Mwape, William"]
[Black "Kaunda, Kajani"]
[Result "1-0"]
[WhiteElo "2177"]
[BlackElo "1910"]
[ECO "D11"]
[WhiteFed "ZAM"]
[BlackFed "MAW"]
[FCGameId "-999374410"]
[WhiteFideId "8705453"]
[BlackFideId "16400089"]
[TimeControl "5400"]

1. d4 d5 2. c4 c6 3. Nf3 Nf6 4. g3 e6 5. Bg2 Bb4+ 6. Bd2 Be7 7. O-O Ne4 8. Bf4 O-O 9. Nc3 Nxc3 10. bxc3 Qa5 11. Qb3 Nd7 12. Rab1 Nf6 13. Ne5 Nh5 14. Bd2 Nf6 15. c5 Qd8 16. f3 Nd7 17. Nd3 e5 18. e4 dxe4 19. fxe4 Nxc5 20. Nxc5 Bxc5 21. Qc4 Bb6 22. Be3 Be6 23. Qa4 exd4 24. cxd4 Qe7 25. Kh1 Rad8 26. Rbd1 Bg4 27. Rd2 Bd7 28. Qd1 Qa3 29. Bf4 Be6 30. d5 cxd5 31. exd5 Bd7 32. Qh5 Bb5 33. Rb1 Bd3 34. Qf3 Rxd5 35. Rb3 Qc5 36. Rxb6 Be4 37. Rxd5 Qxd5 38. Rd6 Qxd6 39. Bxd6 Bxf3 40. Bxf3 Rd8 41. Bf4 b6 42. Kg2 Rd3 43. Kf2 Rc3 44. Be4 Ra3 45. Bd5 Ra5 46. Bb3 Rc5 47. h4 b5 48. Be3 Rc7 49. Bd2 Rd7 50. Ke2 Re7+ 51. Kd3 Rd7+ 52. Kc2 Rc7+ 53. Kb2 Re7 54. Kc3 Rc7+ 55. Kb4 a6 56. Bf4 Rd7 57. Kc5 Re7 58. Kb6 Re1 1-0